 Dungeon Crawl Stone Soup version 0.25.0-15-gac7dcb8919 (webtiles) character file.

Game seed: 8085277666122831897

409 Pynter the Slasher (level 6, 0/56 HPs)
             Began as a Minotaur Fighter on June 28, 2020.
             Shot with an arrow by a centaur (13 damage)
             ... on level 6 of the Dungeon.
             The game lasted 00:16:51 (2684 turns).

Pynter the Slasher (Minotaur Fighter)               Turns: 2684, Time: 00:16:52

Health: 0/56       AC:  7    Str: 23    XL:     6   Next: 58%
Magic:  5/5        EV:  8    Int:  5    God:
Gold:   125        SH:  0    Dex:  9    Spells: 5/5 levels left

rFire    . . .     SeeInvis .   l - +0 falchion
rCold    . . .     Gourm    .   c - +0 kite shield
rNeg     . . .     Faith    .   b - +0 scale mail
rPois    .         Spirit   .   (helmet restricted)
rElec    .         Reflect  .   (no cloak)
rCorr    .         Harm     .   (no gloves)
MR       .....                  (no boots)
Stlth    ..........             (no amulet)
HPRegen  0.18/turn              (no ring)
MPRegen  0.09/turn              (no ring)

@: confused, lethally poisoned (0 -> -8)
A: retaliatory headbutt, horns 2
a: no special abilities


You were on level 6 of the Dungeon.
You were not hungry.

You visited 1 branch of the dungeon, and saw 4 of its levels.

You collected 125 gold pieces.

Inventory:

Hand Weapons
 a - a +0 long sword
 e - a +0 hand axe
 l - a +0 falchion (weapon)
Missiles
 h - 53 stones (quivered)
 r - 7 boomerangs
Armour
 b - a +0 scale mail (worn)
 c - a +0 kite shield (worn)
 g - a +0 leather armour
 m - a +1 robe of cold resistance
 n - a +0 robe
 o - a +0 scale mail
 p - a +0 helmet
Jewellery
 t - an uncursed amulet of the acrobat {unknown}
Scrolls
 s - a scroll of fear {unknown}
 u - a scroll of enchant weapon {unknown}
Potions
 d - 4 potions of might
 i - a potion of invisibility {unknown}
 j - a potion of curing {unknown}
 k - 2 potions of mutation {unknown}
Comestibles
 f - 4 rations


   Skills:
 + Level 5.0 Fighting
 + Level 5.3 Long Blades
 + Level 4.9 Armour
 + Level 1.5 Dodging
 + Level 1.2 Stealth
 + Level 5.0 Shields


You had 5 spell levels left.
You didn't know any spells.
Your spell library was empty.

Dungeon Overview and Level Annotations

Branches:
Dungeon (3/15)

Altars:
Ashenzari


Innate Abilities, Weirdness & Mutations

You reflexively headbutt those who attack you in melee.
You have a pair of horns on your head.


Message History

You hit the orc wizard. Your headbutt misses the orc wizard.
The orc wizard is heavily wounded.
You feel sick.
The orc wizard hits you but does no damage.
You are more poisoned.
You hit the orc wizard.
The orc wizard is heavily wounded.
You feel sick.
The centaur shoots an arrow.
You block the arrow.
The orc wizard points at you and mumbles some strange words.
You are confused.
You feel sick.
The centaur shoots an arrow.
The arrow hits you.
The centaur shoots an arrow.
The arrow hits you!
* * * LOW HITPOINT WARNING * * *
You see here an arrow.
You closely miss the orc wizard.
The orc wizard is heavily wounded.
You feel sick.
An orc wizard comes into view. It is wielding a +0 dagger.
The centaur shoots an arrow.
The arrow hits you!
You die...

....##.......##.##............#
.............##.##............#
.............................>#
.........##...................#
.........##...................#
.........##...........#.#######
.........##....................
.........##.......####.........
.........)......@o####.........
#.................##...........
..............co####.#.........
.##)##..........####...........
.#...#............(..o.........
.#...#..........o..(..........
##...####.##.^................
.#.+##.⌠#..####o#####(........
.............##.....((#...###


You could see a centaur, 2 orc wizards and an orc.

Vanquished Creatures
  A black bear (D:6)
  An ogre (D:6)
  A howler monkey (D:6)
  Jessica (D:2)
  Natasha (twice) (D:2)
  A hound skeleton (D:6)
  5 adders
  2 oozes (D:1)
  A dart slug (D:1)
  4 leopard geckos
  A ball python (D:1)
  A giant cockroach (D:1)
  4 goblins
  8 hobgoblins
  9 jackals (D:1)
  6 kobolds
  8 bats
  4 frilled lizards
  4 rats (D:1)
64 creatures vanquished.

Notes
Turn   | Place    | Note
-------+----------+-------------------------------------------
     0 | D:1      | Pynter the Minotaur Fighter began the quest for the Orb.
     0 | D:1      | Reached XP level 1. HP: 19/19 MP: 0/0
   100 | D:1      | Reached XP level 2. HP: 19/27 MP: 1/1
   474 | D:1      | Reached XP level 3. HP: 34/34 MP: 2/2
  1068 | D:2      | Reached XP level 4. HP: 41/41 MP: 3/3
  1165 | D:2      | Noticed Jessica
  1171 | D:2      | Killed Jessica
  1235 | D:2      | Noticed Natasha
  1238 | D:2      | Killed Natasha
  1406 | D:2      | Reached XP level 5. HP: 43/47 MP: 4/4
  1723 | D:2      | Noticed Natasha
  1747 | D:2      | Killed Natasha
  1747 | D:2      | Reached skill level 1 in Stealth
  2309 | D:3      | You fall into a shaft and drop 3 floors!
  2316 | D:6      | Noticed a black bear
  2329 | D:6      | Reached skill level 1 in Dodging
  2336 | D:6      | Killed a black bear
  2336 | D:6      | Reached XP level 6. HP: 42/55 MP: 5/5
  2348 | D:6      | Found a shattered altar of Ashenzari.
  2429 | D:6      | Reached skill level 5 in Long Blades
  2663 | D:6      | Reached skill level 5 in Fighting
  2663 | D:6      | Reached skill level 5 in Shields
  2684 | D:6      | Shot with an arrow by a centaur

Illustrated notes

Levels and vault maps discovered:
D:1:      dpeg_arrival_round_c, layout_basic
D:2:      layout_basic, uniq_jessica, uniq_natasha
D:3:      cheibrodos_greedy_goblins, layout_loops_ring, portal_sewer_entry_e,
          uniq_crazy_yiuf_cottage
D:6:      layout_basic, evilmike_ruin_ashenzari

Skill      XL: |  1  2  3  4  5  6 |
---------------+-------------------+-----
Fighting       | 4 5 |  5.0
Shields        | 4 5 |  5.0
Armour         | 4 |  4.9
Long Blades    | 3 4 5 |  5.3
Stealth        | 1 |  1.2
Dodging        | 1 |  1.5

Action                   |  1- 3 |  4- 6 || total
-------------------------+-------+-------++-------
Melee: Long sword        |    84 |    17 ||   101
       Headbutt          |    19 |    11 ||    30
       Falchion          |       |    85 ||    85
  Use: Scroll            |       |     2 ||     2
  Eat: Chunk             |     1 |     3 ||     4
       Ration            |       |     1 ||     1
Armor: Scale mail        |    23 |    37 ||    60
Dodge: Dodged            |    31 |    38 ||    69
Block: Kite shield       |    36 |    59 ||    95
       Rpst.: Long sword |    10 |     1 ||    11
       Falchion          |       |     4 ||     4
